 Crawl Stoat Soup version 0.23-s2-232-g2f2dfc82cb (webtiles) character file.

4699 FMitz the Timeless (level 10, 0/65 HPs)
             Began as a Halfling Gladiator on Aug 4, 2023.
             Was a High Priest of Cheibriados.
             Slain by a two-headed ogre
             ... wielding a +0 giant club
              (17 damage)
             ... on level 8 of the Dungeon.
             The game lasted 00:19:55 (11057 turns).

FMitz the Timeless (Halfling Gladiator)            Turns: 11057, Time: 00:19:56

Health: 0/65       AC:  5    Str: 29    XL:     10   Next: 72%
Magic:  17/17      EV: 22    Int: 18    God:    Cheibriados [*****.]
Gold:   390        SH:  8    Dex: 30    Spells: 9/9 levels left

rFire    . . .     SeeInvis .   a - +6 long sword (drain)
rCold    . . .     Gourm    .   i - +0 buckler
rNeg     . . .     Faith    .   H - +0 leather armour
rPois    .         Spirit   .   c - +0 helmet
rElec    .         Warding  .   o - +0 cloak
rCorr    .         Reflect  .   (no gloves)
MR       .....     Harm     .   (no boots)
Stlth    +++.......             (no amulet)
HPRegen  0.20/turn              x - ring of stealth
MPRegen  0.15/turn              (no ring)

@: very slow
A: small, mutation resistance 1
a: Bend Time, Temporal Distortion, Slouch, Step From Time, Renounce Religion


You were on level 8 of the Dungeon.
You worshipped Cheibriados.
Cheibriados was extremely pleased with you.
You were very hungry.

You visited 1 branch of the dungeon, and saw 8 of its levels.
You also visited: Sewer.

You collected 533 gold pieces.
You spent 143 gold pieces at shops.

Inventory:

Hand Weapons
 a - a +6 long sword of draining (weapon)
 b - a +0 hunting sling
Missiles
 d - a throwing net (quivered)
 k - 35 sling bullets
 l - 219 stones
 m - 25 poisoned darts
 N - 4 boomerangs
Armour
 c - a +0 helmet (worn)
 i - a +0 buckler (worn)
 o - a +0 cloak (worn)
 H - a +0 leather armour (worn)
Jewellery
 j - an uncursed ring of ice
 p - a cursed ring of teleportation
 s - a cursed ring of teleportation
 x - a ring of stealth (left hand)
 L - an uncursed ring of poison resistance {unknown}
Wands
 G - a wand of acid (8 charges)
 J - a wand of mindburst (13 charges)
 Q - a wand of digging (8 charges)
Scrolls
 e - 2 scrolls of teleportation {unknown}
 q - 4 scrolls of remove curse
 u - 3 scrolls of identify
 y - 3 scrolls of enchant weapon {unknown}
 z - a scroll of random uselessness {unknown}
 B - 3 scrolls of magic mapping {unknown}
 D - a scroll of amnesia {unknown}
 E - a scroll of immolation {unknown}
 I - a scroll of fog {unknown}
 K - a scroll of enchant armour {unknown}
 P - a scroll of vulnerability {unknown}
Potions
 g - 2 potions of mutation
 h - 2 potions of flight {unknown}
 r - a potion of brilliance {unknown}
 t - 2 potions of curing {unknown}
 v - 2 potions of lignification {unknown}
 A - 2 potions of invisibility {unknown}
 C - 3 potions of magic {unknown}
 F - a potion of might {unknown}
 M - a potion of resistance
 O - a potion of degeneration {unknown}
Comestibles
 f - 8 bread rations
 n - 2 fruits
 w - 6 meat rations


   Skills:
 - Level 4.8 Fighting
 - Level 7.7 Long Blades
 - Level 2.7(3.3) Slings
 - Level 2.0(2.3) Throwing
 + Level 7.5 Dodging
 - Level 5.1 Shields
 - Level 10.0 Invocations


You had 9 spell levels left.
You didn't know any spells.
Your spell library was empty.

Dungeon Overview and Level Annotations

Branches:
Dungeon (8/15)             Temple (0/1) D:4
   Lair: D:8-11

Altars:
Cheibriados
Dithmenos
Fedhas
Hepliaklqana
Ru
Sif Muna
Uskayaw
Wu Jian
Xom
Yredelemnul
The Shining One

Shops:
D:7 (


Innate Abilities, Weirdness & Mutations

You are small and have problems with some larger weapons.
You are somewhat resistant to further mutation.


Message History

You slash the two-headed ogre!
The two-headed ogre is heavily wounded.
You hit the two-headed ogre.
The two-headed ogre is heavily wounded.
You block the two-headed ogre's attack. The two-headed ogre closely misses you.
You hit the two-headed ogre. You drain the two-headed ogre!
The two-headed ogre is severely wounded.
The two-headed ogre hits you with a giant club!!
* * * LOW HITPOINT WARNING * * *
The two-headed ogre completely misses you.
You are too injured to fight recklessly!
You are too injured to fight recklessly!
You hit the two-headed ogre.
The two-headed ogre is severely wounded.
The two-headed ogre closely misses you. You block the two-headed ogre's attack.
You hit the two-headed ogre.
The two-headed ogre is severely wounded.
The two-headed ogre barely misses you.
The two-headed ogre hits you with a giant club!
You die...

...#....<...#
..##........#
..##.).##...#
.....))###'##
........#...##+#####
........#...##.....#
........#...#......#
........+...#....O.#
........#...+$..@..#
........#...##.....#
........#...##'#####
........#....#.....#
...<....#....#.....#
........#....'.....#
........#.>.##.....#
........#...######'#
........#..........#


You could see a two-headed ogre.

Vanquished Creatures
  Joseph (D:8)
  Grinder (D:5)
  Grum (D:8)
  A hippogriff (D:8)
  2 water moccasins
  A sky beast (D:7)
  3 ice beasts
  An orc warrior (D:6)
  An ogre (D:4)
  2 wolves (D:8)
  5 big kobolds
  3 bullfrogs
  4 scorpions
  11 killer bees
  8 wights
  A howler monkey (D:6)
  A bullfrog zombie (D:8)
  2 centaur zombies
  3 hounds
  A centaur skeleton (D:3)
  A bullfrog skeleton (D:6)
  5 orc wizards
  Jessica (D:3)
  4 iguanas
  7 worker ants
  A hound zombie (D:8)
  2 worker ant zombies
  A hound skeleton (D:5)
  A howler monkey skeleton (D:4)
  12 adders
  2 river rats (Sewer)
  2 ufetubi
  5 oozes
  10 worms
  3 dart slugs (D:1)
  3 leopard geckos
  28 orcs
  9 bats
  6 giant cockroaches
  16 goblins
  11 hobgoblins
  14 jackals
  6 weasels
  8 ball pythons
  9 frilled lizards
  A giant cockroach zombie (D:6)
  A jackal skeleton (D:7)
  20 kobolds
  9 rats
  A weasel skeleton (D:4)
  A weasel zombie (D:5)
253 creatures vanquished.

Vanquished Creatures (others)
  An ogre (D:4)
  An orc wizard (D:5)
  A goblin (D:4)
3 creatures vanquished.

Grand Total: 256 creatures vanquished

Notes
Turn   | Place    | Note
-------+----------+-------------------------------------------
     0 | D:1      | FMitz the Halfling Gladiator began the quest for the Orb.
     0 | D:1      | Reached XP level 1. HP: 14/14 MP: 1/1
   378 | D:1      | Reached XP level 2. HP: 19/19 MP: 2/2
   758 | D:1      | Reached XP level 3. HP: 9/24 MP: 3/3
  1719 | D:2      | Reached XP level 4. HP: 29/29 MP: 4/4
  1727 | D:2      | Found a snail-covered altar of Cheibriados.
  1748 | D:2      | Became a worshipper of Cheibriados the Contemplative
  1778 | D:2      | Reached skill level 1 in Shields
  2100 | D:2      | Found a sacrificial altar of Ru.
  2189 | D:2      | Reached * piety under Cheibriados
  2827 | D:2      | Reached XP level 5. HP: 30/35 MP: 5/5
  2880 | D:2      | Found a blossoming altar of Fedhas.
  3507 | D:3      | Noticed Jessica
  3510 | D:3      | Killed Jessica
  3746 | D:3      | Reached XP level 6. HP: 41/41 MP: 6/6
  3779 | D:3      | Reached ** piety under Cheibriados
  4595 | D:4      | Reached skill level 5 in Long Blades
  4772 | D:4      | Found a glowing golden altar of the Shining One.
  4896 | D:4      | Reached XP level 7. HP: 21/46 MP: 7/7
  5193 | D:4      | Found a staircase to the Ecumenical Temple.
  5261 | D:4      | Noticed voronchuk's ghost (amateur MDAK)
  5264 | D:4      | Witnessed revenge of voronchuk's ghost on an ogre.
  5307 | D:4      | Reached skill level 1 in Invocations
  5512 | D:5      | Entered Level 5 of the Dungeon
  5539 | D:5      | Found a glowing drain.
  5552 | Sewer    | Entered a sewer
  5588 | Sewer    | Reached *** piety under Cheibriados
  5783 | Sewer    | Reached skill level 5 in Dodging
  5847 | Sewer    | Reached XP level 8. HP: 39/54 MP: 9/9
  6176 | Sewer    | Reached skill level 2 in Invocations
  6557 | D:5      | Noticed Grinder
  6569 | D:5      | Paralysed by Grinder for 2 turns
  6588 | D:5      | Killed Grinder
  6802 | D:5      | Reached **** piety under Cheibriados
  7019 | D:5      | Was placed under penance by Cheibriados
  7025 | D:5      | Reached skill level 3 in Invocations
  7029 | D:5      | Was forgiven by Cheibriados
  7194 | D:5      | Found a basalt altar of Yredelemnul.
  7199 | D:5      | Found a hide-covered altar of Uskayaw.
  7231 | D:5      | Found a hazy altar of Hepliaklqana.
  7443 | D:5      | Reached XP level 9. HP: 59/59 MP: 11/11
  7450 | D:5      | Found a deep blue altar of Sif Muna.
  7808 | D:6      | Found a shadowy altar of Dithmenos.
  8271 | D:6      | Found an ornate altar of the Wu Jian Council.
  8909 | D:6      | Reached skill level 1 in Slings
  8970 | D:6      | Reached skill level 5 in Shields
  9166 | D:6      | Found a shadowy altar of Dithmenos.
  9259 | D:6      | Reached ***** piety under Cheibriados
  9272 | D:6      | Reached skill level 4 in Invocations
  9532 | D:7      | Found a shimmering altar of Xom.
  9551 | D:7      | Reached skill level 5 in Invocations
  9805 | D:7      | Reached skill level 6 in Invocations
  9865 | D:7      | Found Ucuaneast's Antique Weapon Shop.
  9876 | D:7      | Reached XP level 10. HP: 32/65 MP: 14/14
 10100 | D:7      | Bought a glowing long sword for 143 gold pieces
 10217 | D:8      | Reached skill level 7 in Invocations
 10271 | D:8      | Reached skill level 8 in Invocations
 10293 | D:8      | Noticed Joseph
 10295 | D:8      | Reached skill level 9 in Invocations
 10304 | D:8      | Killed Joseph
 10511 | D:8      | Reached skill level 10 in Invocations
 10701 | D:8      | Noticed Grum
 10721 | D:8      | Killed Grum
 11046 | D:8      | Noticed a two-headed ogre
 11057 | D:8      | Slain by a two-headed ogre

Vault maps used:
D:1:      lightli_arrival_chessboard
D:2:      marbit_many_paths, nicolae_ru_sacrificial_ziggurat,
          cheibriados_altar_1
D:3:      uniq_jessica
D:4:      overflow_temple_1_default, lemuel_temple_firewalk_b, serial_rivers,
          chequers_serial_rivers_room_b, chequers_serial_rivers_micro_e,
          chequers_serial_rivers_marsh, chequers_serial_rivers_large_a,
          chequers_serial_rivers_room_b, minmay_ogre_servants
D:5:      minmay_overflow_temple_star_quad, lemuel_crystal_altar, first_bread,
          portal_sewer_entry_d, uniq_grinder
D:6:      nicolae_overflow_crystal_walls, overflow_temple_1_default,
          nicolae_dithmenos_through_a_glass_darkly
D:7:      xom_teletrap_fun, serial_shops, shop, small_statue_intersection
D:8:      uniq_joseph, uniq_grum
Sewer:    sewer_co_tree

Skill      XL: |  1  2  3  4  5  6  7  8  9 10 |
---------------+-------------------------------+-----
Fighting       | 2 3 4 |  4.8
Shields        | 1 2 3 4 5 |  5.1
Long Blades    | 4 5 7 |  7.7
Dodging        | 4 5 6 7 |  7.5
Invocations    | 1 3 6 10 | 10.0
Slings         | 2 |  2.7
Throwing       | |  2.0

Action                   |  1- 3 |  4- 6 |  7- 9 | 10-12 || total
-------------------------+-------+-------+-------+-------++-------
Melee: Long sword        |    79 |   193 |   435 |    88 ||   795
 Fire: Hunting sling     |       |       |     3 |       ||     3
Throw: Dart              |       |       |     5 |       ||     5
       Throwing net      |       |       |     6 |       ||     6
       Stone             |       |       |     1 |       ||     1
Invok: Slouch            |       |       |     1 |     2 ||     3
  Use: Scroll            |       |     3 |     3 |       ||     6
       Potion            |       |       |     4 |       ||     4
 Stab: Sleeping          |       |     5 |    10 |     4 ||    19
       Held in net/web   |       |       |     4 |       ||     4
       Distracted        |       |       |     1 |     1 ||     2
  Eat: Chunk             |     1 |     7 |     9 |     1 ||    18
Armor: Leather armour    |    16 |    30 |    40 |     5 ||    91
Dodge: Dodged            |    54 |   130 |   288 |    85 ||   557
Block: Buckler           |     6 |    50 |   168 |    34 ||   258
       Rpst.: Long sword |    22 |    41 |   126 |    24 ||   213

Table legend:
 A = Spawn XP
 B = Non-spawn XP
 C = Spawn XP percentage of total XP
 D = Spawn monster count
 E = Non-spawn monster count
 F = Spawn count percentage of total count
 G = Total turns spent on level
                    A         B        C        D         E        F      G
               +---------+---------+-------+---------+---------+-------+---------
         Total |     809 |    5905 |  12.0 |      39 |     215 |  15.4 | 11057
               +---------+---------+-------+---------+---------+-------+---------
           D:1 |      20 |      39 |  33.9 |       8 |      22 |  26.7 |  1688
           D:2 |       8 |      74 |   9.8 |       5 |      24 |  17.2 |  1262
           D:3 |      55 |     109 |  33.5 |       5 |      23 |  17.9 |  1477
           D:4 |     121 |     343 |  26.1 |       2 |      20 |   9.1 |  1162
           D:5 |     292 |     735 |  28.4 |       7 |      25 |  21.9 |  1603
           D:6 |     139 |     570 |  19.6 |       4 |      18 |  18.2 |  1327
           D:7 |      15 |     903 |   1.6 |       5 |      30 |  14.3 |   712
           D:8 |     159 |    2632 |   5.7 |       3 |      25 |  10.7 |   852
         Sewer |       0 |     500 |   0.0 |       0 |      28 |   0.0 |   974
               +---------+---------+-------+---------+---------+-------+---------
